 Dungeon Crawl Stone Soup version 0.28.0-45-g0d030f2227 (webtiles) character file.

Game seed: 16974187545057845271

68 protoss039 the Conjurer (level 4, -2/34 HPs)
             Began as a Demonspawn Conjurer on May 16, 2022.
             Slain by Sigmund
             ... wielding a +0 scythe
              (7 damage)
             ... on level 2 of the Dungeon.
             The game lasted 00:03:04 (2057 turns).

protoss039 the Conjurer (Demonspawn Conjurer)       Turns: 2057, Time: 00:03:04

Health: -2/34      AC:  2    Str:  7    XL:     4   Next: 1%
Magic:  0/7        EV: 12    Int: 21    God:
Gold:   95         SH:  0    Dex: 12    Spells: 5/8 levels left

rFire   . . .      SeeInvis .   l - +1 dagger (freeze)
rCold   . . .      Faith    .   (no shield)
rNeg    . . .      Spirit   .   a - +0 robe
rPois   .          Reflect  .   (no helmet)
rElec   .          Harm     .   (no cloak)
rCorr   .          Rampage  .   (no gloves)
Will    .....                   (no boots)
Stlth   ++........              (no amulet)
HPRegen 0.11/turn               (no ring)
MPRegen 0.10/turn               (no ring)

@: no status effects
A: hooves 2, demonic guardian 1
a: no special abilities


You were on level 2 of the Dungeon.
You visited 1 branch of the dungeon, and saw 2 of its levels.

You collected 95 gold pieces.

Inventory:

Hand Weapons
 l - a +1 dagger of freezing (weapon)
Missiles
 c - 38 stones
Armour
 a - a +0 robe (worn)
Scrolls
 d - 3 scrolls of identify {unknown}
 e - a scroll of holy word {unknown}
 g - a scroll of acquirement {unknown}
 h - a scroll of teleportation {unknown}
 i - a scroll of vulnerability {unknown}
 j - a scroll of blinking {unknown}
Potions
 f - a potion of invisibility {unknown}
 k - a potion of attraction {unknown}


   Skills:
 * Level 2.4 Fighting
 - Level 1.7 Dodging
 - Level 1.7 Stealth
 + Level 2.6 Spellcasting
 + Level 4.4 Conjurations


You had 5 spell levels left.
You knew the following spells:

 Your Spells              Type           Power      Damage    Failure   Level
a - Magic Dart            Conj           84%        1d7       2%          1
b - Searing Ray           Conj           42%        2d6       3%          2

Your spell library contained the following spells:

 Spells                   Type           Power      Damage    Failure   Level
 Dazzling Flash           Conj/Hex       24%        N/A       17%         3
 Fulminant Prism          Conj/Hex       6%         3d7       50%         4
 Iskenderun's Mystic Bla  Conj/Tloc      12%        2d5       50%         4


Dungeon Overview and Level Annotations

Branches:
Dungeon (2/15)

Altars:

Annotations:
D:2 1 runed translucent door, Crazy Yiuf, Sigmund


Innate Abilities, Weirdness & Mutations

You have hoof-like feet.
A weak demonic guardian rushes to your aid.


Message History

Your demonic guardian avoids your attack.
The searing ray hits something.
Unknown command.
Your demonic guardian avoids your attack.
The searing ray hits something.
Something hits your shadow imp!
Your shadow imp dies!
Your shadow imp disappears in a puff of smoke!
Unknown command.
You finish channelling your searing ray.
Unknown command.
Casting: Searing Ray (safe; 3% risk of failure)
Confirm with . or Enter, or press ? or * to list all spells.
You don't have enough magic to cast this spell.
Casting: Searing Ray (safe; 3% risk of failure)
Confirm with . or Enter, or press ? or * to list all spells.
Aiming: Magic Dart (safe; 2% risk of failure)
Press: ? - help, Shift-Dir - straight line The magic dart hits something.
Something hits you!
* * * LOW HITPOINT WARNING * * *
Unknown command.
Unknown command.
Casting: Magic Dart (safe; 2% risk of failure)
Confirm with . or Enter, or press ? or * to list all spells.
Aiming: Magic Dart (safe; 2% risk of failure)
Press: ? - help, Shift-Dir - straight line, f - you That beam is likely to hit you.
Continue anyway?
Okay, then.
Something hits you.
* * * LOW HITPOINT WARNING * * *
Casting: Magic Dart (safe; 2% risk of failure)
Confirm with . or Enter, or press ? or * to list all spells.
Aiming: Magic Dart (safe; 2% risk of failure)
Press: ? - help, Shift-Dir - straight line The magic dart hits something.
Something hits you.
* * * LOW HITPOINT WARNING * * *
Unknown command.
You miss something. Something hits you.
* * * LOW HITPOINT WARNING * * *
You miss something. You kick something. Something hits you!
You die...

#...............†..........
###....##.###)...#####.....
#.......#.# #.#### #.....
..#.....#.# #.# #..... .
#.....#.# #.# ######
#..#...#.###.###### ##<.
..>##..............# ##..#
### #...##.##...##... #....
#...##@.#.#...# ....##
#####..####...# ## #..#
...#P #..# ..#.P #### ..#P.


There were no monsters in sight!

Vanquished Creatures
  3 adders (D:2)
  3 dart slugs
  5 ball pythons
  4 endoplasms
  A giant cockroach (D:2)
  4 goblins (D:2)
  5 hobgoblins
  A quokka (D:1)
  3 bats (D:1)
  A frilled lizard (D:1)
  A kobold (D:1)
  3 rats
34 creatures vanquished.

Notes
Turn   | Place    | Note
-------+----------+-------------------------------------------
     0 | D:1      | protoss039 the Demonspawn Conjurer began the quest for the
                  | Orb.
     0 | D:1      | Reached XP level 1. HP: 13/13 MP: 3/3
   422 | D:1      | Reached skill level 1 in Fighting
   483 | D:1      | Discovered your monstrous ancestry.
   483 | D:1      | Gained mutation: You have large cloven feet. [demonic
                  | ancestry]
   483 | D:1      | Reached XP level 2. HP: 7/21 MP: 3/5
  1423 | D:1      | Learned a level 2 spell: Searing Ray
  1488 | D:2      | Found a faded altar of an unknown god.
  1500 | D:2      | Gained mutation: You have hoof-like feet. [demonic
                  | ancestry]
  1500 | D:2      | Reached XP level 3. HP: 26/27 MP: 0/6
  1696 | D:2      | Found a runed translucent door.
  1697 | D:2      | Noticed Crazy Yiuf
  1891 | D:2      | Noticed Sigmund
  1995 | D:2      | Gained mutation: A weak demonic guardian rushes to your
                  | aid. [demonic ancestry]
  1995 | D:2      | Reached XP level 4. HP: 34/34 MP: 7/7
  2057 | D:2      | Slain by Sigmund

Illustrated notes

Levels and vault maps discovered:
D:1:      dpeg_arrival_tiny_a, layout_basic
D:2:      layout_rooms, serial_aquarium, aquarium_bridge_square
          [aquarium_subvault_bridge, aquarium_subvault_bridge,
          aquarium_subvault_wall, aquarium_subvault_bridge],
          aquarium_bridge_straight [aquarium_subvault_bridge,
          aquarium_subvault_wall, aquarium_subvault_bridge,
          aquarium_subvault_window], aquarium_window_fake, aquarium_window_fake,
          aquarium_view_2b, aquarium_view_2c, aquarium_balcony_double_4,
          chequers_ecumenical_altar_island, uniq_crazy_yiuf_cottage,
          uniq_sigmund

Skill      XL: |  1  2  3 |
---------------+----------+-----
Fighting       | 1 2 |  2.4
Dodging        | |  1.7
Stealth        | |  1.7
Spellcasting   | |  2.6
Conjurations   | |  4.4

Action                   |  1- 3 |  4- 6 || total
-------------------------+-------+-------++-------
Melee: Short sword       |    48 |       ||    48
       Unarmed           |     2 |       ||     2
       Kick              |    14 |     1 ||    15
       Dagger            |       |     2 ||     2
 Cast: Magic Dart        |    38 |     4 ||    42
       Searing Ray       |     4 |     1 ||     5
 Stab: Sleeping          |     2 |       ||     2
Armor: Robe              |    11 |       ||    11
Dodge: Dodged            |    36 |       ||    36
